 Dungeon Crawl Stone Soup version 0.32-a0-872-g59262bdc9b (webtiles) character file.

Game seed: 11411647081084268292

830 Ajdolov the Frost Mage (level 7, 0/50 HPs)
             Began as a Ghoul Ice Elementalist on Mar 30, 2024.
             Slain by an adder (2 damage)
             ... on level 5 of the Dungeon.
             The game lasted 00:09:01 (4502 turns).

Ajdolov the Frost Mage (Ghoul Ice Elementalist)     Turns: 4502, Time: 00:09:02

Health: 0/50       AC:  4    Str: 12    XL:     7   Next: 97%
Magic:  6/15       EV: 11    Int: 16    God:
Gold:   150        SH:  0    Dex:  9    Spells: 6/16 levels left

rFire   . . .        v - +1 rapier (speed)
rCold   + . .        (no shield)
rNeg    + + +        a - +0 robe
rPois   ∞            p - +0 helmet
rElec   .            (no cloak)
rCorr   .            h - +0 pair of gloves
SInv    .            (no boots)
Will    +....        (no amulet)
Stlth   ++           (no ring)
HPRegen 0.00/turn    (no ring)
MPRegen 0.14/turn

%: no passive effects
@: attractive, enlightened, flying, inhibited regen
A: claws 1, cold resistance 1, negative energy resistance 3, inhibited
regeneration, torment resistance 2, devour on kill
a: no special abilities


You were on level 5 of the Dungeon.
You visited 1 branch of the dungeon, and saw 5 of its levels.

You collected 150 gold pieces.

Inventory:

Hand Weapons
 v - a +1 rapier of speed (weapon)
Armour
 a - a +0 robe (worn)
 h - a +0 pair of gloves (worn)
 p - a +0 helmet (worn)
Jewellery
 s - an amulet of reflection
Wands
 i - a wand of polymorph (8)
Scrolls
 c - 6 scrolls of identify {unknown}
 f - a scroll of amnesia {unknown}
 j - a scroll of fear {unknown}
 k - 2 scrolls of enchant weapon {unknown}
 l - a scroll of immolation {unknown}
 o - 2 scrolls of fog {unknown}
 q - 2 scrolls of teleportation {unknown}
 r - a scroll of poison {unknown}
 t - a scroll of blinking {unknown}
Potions
 b - a potion of magic
 d - 2 potions of attraction
 g - 2 potions of enlightenment
 m - a potion of berserk rage {unknown}
 n - a potion of curing {unknown}
 u - a potion of resistance {unknown}


   Skills:
 - Level 1.7 Dodging
 - Level 2.1 Stealth
 + Level 5.3 Spellcasting
 + Level 8.0 Ice Magic


You had 6 spell levels left.
You knew the following spells:

 Your Spells              Type           Power      Damage    Failure   Level
a - Freeze                Ice            100%       1d10      1%          1
b - Frozen Ramparts       Ice            60%        1d10      1%          3
c - Summon Ice Beast      Ice/Summ       17%        N/A       9%          3
d - Ozocubu's Armour      Ice            30%        N/A       1%          3

Your spell library contained the following spells:

 Spells                   Type           Power      Damage    Failure   Level
 Kiss of Death            Conj/Necr      16%        2d6       14%         1
 Slow                     Hex            16%        N/A       14%         1
 Confusing Touch          Hex            4%         N/A       41%         3
 Vampiric Draining        Necr           4%         2d6       41%         3
 Dispel Undead            Necr           4%         3d7       82%         4


Dungeon Overview and Level Annotations

Branches:
Dungeon (5/15)
 Temple: D:4-7

Altars:
Ashenzari


Innate Abilities, Weirdness & Mutations

You are immune to poison.
You have sharp fingernails.
Your flesh is cold resistant. (rC+)
You are immune to negative energy. (rN+++)
You do not regenerate when monsters are visible.
You are immune to unholy pain and torment.
You thrive by killing the living.


Message History

* * * LOW HITPOINT WARNING * * *
The adder attacks as it pursues you! The adder closely misses you.
Your ice beast hits the adder.
Your ice beast freezes the adder!
The adder seems to slow down.
The adder dies!
Your magical contamination has completely faded away.
Your ice beast hits the gnoll.
Your ice beast freezes the gnoll.
The gnoll dies!
Your ice beast hits the white imp.
Your ice beast freezes the white imp.
The white imp resists.
The white imp lashes its tail.
The white imp hits your ice beast. The white imp freezes your ice beast.
Your ice beast completely resists.
Your ice beast hits the white imp.
Your ice beast freezes the white imp.
The white imp resists.
The white imp barely misses your ice beast.
Your ice beast misses the white imp.
The white imp hits your ice beast but does no damage.
Something barely misses your ice beast.
Your ice beast hits the white imp.
The white imp dies!
Something barely misses your ice beast.
Found a stone staircase leading down.
A scorpion and an adder come into view.
The adder hisses angrily.
Something barely misses your ice beast.
Casting: Summon Ice Beast (dangerous; 9% risk of failure)
Confirm with . or Enter, or press ? or * to list all spells.
Okay, then.
It was a potion of enlightenment.
You feel very buoyant.
You fly up into the air.
The adder barely misses you.
It was a potion of attraction.
You feel attractive to monsters. The adder bites you.
* * * LOW HITPOINT WARNING * * *
The scorpion barely misses you.
Okay, then.
The adder attacks as it pursues you! The adder closely misses you.
The adder bites you.
You die...

##........###.....#######.
#..........###..### ##.
#........).###..# ##..
#.......<.)##...# ##g.#
#####.........)....##
####..##
......>)...........####....##
######..................####
##.........#####.s...#
#.#####@...Ys...###.# ...#
##S#.#....## ... #####
#.s....##.# ### #...#.#####.#
#.>.#...# #.. #.###..## ####
# #.. #.. #..


You could see 2 scorpions, an adder and a friendly ice beast (summoned).

Vanquished Creatures
  2 black bears (D:4)
  A phantom (D:4)
  A scorpion (D:4)
  An orc priest (D:3)
  A jelly (D:4)
  2 sleepcaps
  Natasha (thrice) (D:3)
  5 gnolls
  7 adders
  A white imp (D:3)
  2 dart slugs
  9 orcs
  7 ball pythons
  4 bats
  5 endoplasms
  3 giant cockroaches
  8 goblins
  4 hobgoblins
  6 kobolds
  2 quokkas
  2 frilled lizards (D:1)
  2 goblin skeletons (D:3)
  3 goblin zombies (D:3)
  3 hobgoblin zombies (D:3)
  2 kobold skeletons (D:3)
  A kobold zombie (D:3)
  6 rats
93 creatures vanquished.

Vanquished Creatures (collateral kills)
  A bombardier beetle (D:4)
  An iguana (D:4)
  2 adders
  3 gnolls (D:5)
  A white imp (D:5)
  An orc (D:4)
  2 endoplasms (D:4)
  A quokka (D:4)
12 creatures vanquished.

Grand Total: 105 creatures vanquished

Notes
Turn   | Place    | Note
-------+----------+-------------------------------------------
     0 | D:1      | Ajdolov the Ghoul Ice Elementalist began the quest for the
                  | Orb.
     0 | D:1      | Reached XP level 1. HP: 14/14 MP: 3/3
   178 | D:1      | Reached XP level 2. HP: 20/20 MP: 3/5
   372 | D:1      | Reached XP level 3. HP: 26/26 MP: 3/6
   482 | D:1      | You fall into a shaft and drop 1 floor!
   489 | D:1      | Reached skill level 5 in Ice Magic
   899 | D:2      | Learned a level 3 spell: Frozen Ramparts
   903 | D:2      | Learned a level 3 spell: Summon Ice Beast
   997 | D:2      | Reached XP level 4. HP: 26/33 MP: 2/8
  1495 | D:2      | Found a faded altar of an unknown god.
  2277 | D:3      | Reached XP level 5. HP: 33/38 MP: 2/10
  2421 | D:3      | Found a broken altar of Ashenzari.
  2592 | D:3      | Reached skill level 6 in Ice Magic
  2899 | D:3      | Noticed Natasha
  2906 | D:3      | Killed Natasha
  3135 | D:3      | Reached XP level 6. HP: 45/45 MP: 3/11
  3328 | D:3      | Noticed Natasha
  3336 | D:3      | Killed Natasha
  3376 | D:3      | Noticed Natasha
  3385 | D:3      | Killed Natasha
  3477 | D:3      | Learned a level 3 spell: Ozocubu's Armour
  3763 | D:4      | Noticed a black bear
  3775 | D:4      | Killed a black bear
  3776 | D:4      | Reached skill level 7 in Ice Magic
  3776 | D:4      | Reached XP level 7. HP: 50/50 MP: 3/13
  4117 | D:4      | Reached skill level 5 in Spellcasting
  4437 | D:5      | Entered Level 5 of the Dungeon
  4463 | D:5      | Reached skill level 8 in Ice Magic
  4472 | D:5      | Noticed a steam dragon
  4501 | D:5      | HP: 2/50 [adder (3)]
  4502 | D:5      | Slain by an adder

Illustrated notes

Levels and vault maps discovered:
D:1:      dpeg_arrival_rooms_c, layout_loops_cross, minmay_pentomino_x4
D:2:      layout_basic, shapermc_ecumenical_altar_totnotflames,
          minmay_randomly_rotated_circles
D:3:      layout_loops_corners, nicolae_tso_besieged_by_evil,
          evilmike_ruin_ashenzari, serial_bayou, serial_bayou_pond_e,
          serial_bayou_pond_a, serial_bayou_lake_a, serial_bayou_pond_c,
          serial_bayou_shore_a, uniq_natasha
D:4:      layout_rooms
D:5:      layout_rooms, grunt_temple_overflow_open, minmay_circle_x,
          uniq_crazy_yiuf_cottage

Skill      XL: |  1  2  3  4  5  6  7 |
---------------+----------------------+-----
Spellcasting   | 2 3 4 5 |  5.3
Ice Magic      | 5 6 7 8 |  8.0
Dodging        | |  1.7
Stealth        | |  2.1

Action                     |  1- 3 |  4- 6 |  7- 9 || total
---------------------------+-------+-------+-------++-------
  Melee: Unarmed           |     1 |       |       ||     1
         Dagger            |     3 |    81 |    35 ||   119
   Cast: Freeze            |    34 |    67 |     9 ||   110
         Frozen Ramparts   |     1 |    12 |     3 ||    16
         Summon Ice Beast  |       |     2 |     8 ||    10
         Ozocubu's Armour  |       |       |     2 ||     2
    Use: Potion            |       |       |     2 ||     2
   Stab: Sleeping          |     1 |       |       ||     1
 Armour: Robe              |    19 |    77 |    44 ||   140
  Dodge: Dodged            |    18 |    65 |    27 ||   110

Table legend: (Time is in decaauts)
 A = Elapsed time spent in this place.
 B = Non-inter-level travel time spent in this place.
 C = Inter-level travel time spent in this place.
 D = Time resting spent in this place.
 E = Time spent auto-exploring this place.
 F = Levels seen in this place.
 G = Mean time per level.
                   A        B        C        D        E       F      G
               +--------+--------+--------+--------+--------+-----+--------+
         Total |   4537 |   4461 |     76 |    313 |   3238 |   5 |  907.4 |
       Dungeon |   4537 |   4461 |     76 |    313 |   3238 |   5 |  907.4 |
               +--------+--------+--------+--------+--------+-----+--------+

Top non-repeatable levels by time:
     D:3: 1617 daAuts
     D:2: 1030 daAuts
     D:4: 949 daAuts
     D:1: 875 daAuts
     D:5: 64 daAuts
